 Dungeon Crawl Stone Soup version 0.31-a0-175-g9f7f995f2b (webtiles) character file.

Game seed: 8583702906434495477

81 qw the Shooter (level 4, 0/28 HPs)
             Began as a Gargoyle Hunter on June 16, 2023.
             Slain by an orc wizard
             ... wielding a +0 dagger
              (2 damage)
             ... on level 4 of the Dungeon.
             The game lasted 00:00:43 (2256 turns).

qw the Shooter (Gargoyle Hunter)                    Turns: 2256, Time: 00:00:43

Health: 0/28       AC:  7    Str: 14    XL:     4   Next: 40%
Magic:  4/4        EV: 11    Int: 10    God:
Gold:   133        SH:  0    Dex: 15    Spells: 3/3 levels left

rFire   . . .        Y - +0 orcbow
rCold   . . .        (shield currently unavailable)
rNeg    + . .        c - +0 leather armour
rPois   inf          (no helmet)
rElec   +            (no cloak)
rCorr   .            d - +0 pair of gloves
SInv    .            (no boots)
Will    .....        (no amulet)
Stlth   ++           (no ring)
HPRegen 0.24/turn    (no ring)
MPRegen 0.09/turn

%: no passive effects
@: no status effects
A: sickness immunity, AC +3, negative energy resistance 1, electricity
resistance, torment resistance 1, petrification resistance
a: no special abilities


You were on level 4 of the Dungeon.
You visited 1 branch of the dungeon, and saw 4 of its levels.

You collected 133 gold pieces.


Innate Abilities, Weirdness & Mutations

You are immune to sickness and miasma.
Your stone body is resilient. (AC +3)
You are immune to poison.
You resist negative energy. (rN+)
You are resistant to electric shocks. (rElec)
You are resistant to unholy torment.
You are immune to petrification.


   Skills:
 - Level 3.0 Fighting
 + Level 5.4 Ranged Weapons
 - Level 1.5 Dodging
 - Level 1.1 Stealth


You had 3 spell levels left.
You didn't know any spells.
Your spell library was empty.

Inventory:

Hand Weapons
 Y - a +0 orcbow (weapon)
Armour
 c - a +0 leather armour (worn)
 d - a +0 pair of gloves (worn)
Potions
 b - a potion of haste
 e - a potion of degeneration {unknown}
 f - a potion of brilliance {unknown}
 g - a potion of lignification {unknown}
 i - a potion of enlightenment {unknown}

Dungeon Overview and Level Annotations

Branches:
Dungeon (4/15)
 Temple: D:4-7

Altars:
Dithmenos
Uskayaw


Message History

The arrow closely misses the orc wizard.
An orc comes into view. It is wielding a +0 whip.
The orc wizard mumbles some strange words.
The orc wizard flickers and vanishes!
Deactivating autopickup; reactivate with Ctrl-A.
A hound comes into view.
Autopickup is now on.
You shoot an arrow. The arrow hits the orc.
The orc is severely wounded.
A hound comes into view.
You shoot an arrow. The arrow hits the orc.
You kill the orc!
You shoot an arrow. The arrow closely misses the orc.
You shoot an arrow. The arrow closely misses the orc.
The hound barely misses you.
You hear some strange, mumbled words.
A puff of flame appears from out of thin air!
Deactivating autopickup; reactivate with Ctrl-A.
The puff of flame hits you! The hound bites you but does no damage.
You shoot an arrow. The arrow hits the orc.
You kill the orc!
The hound misses you. The hound bites you.
You hear some strange, mumbled words.
A puff of flame appears from out of thin air!
The puff of flame hits you. The hound misses you. The hound barely misses you.
You shoot an arrow. The arrow misses the hound.
The hound bites you. The hound misses you.
You hear some strange, mumbled words.
A puff of flame appears from out of thin air!
The puff of flame hits you.
You shoot an arrow. The arrow closely misses the hound.
The hound completely misses you. The hound bites you.
The hound closely misses you. x2; Something hits you but does no damage.
You shoot an arrow. The arrow closely misses the hound.
The hound bites you but does no damage. x2; The hound bites you.
The hound closely misses you. Something hits you but does no damage.
You shoot an arrow.
The arrow hits the hound but does no damage.
The hound bites you. x2; Something hits you.
You die...

##### .. ##...##
##.###.....#
........<..#
#.###....^# #.
##...## ##.###.##
##.#####
........####.....###
#....h@)..........#
.?....h{########.#.#
######... .. ..)#..
.# ###. .## # ). ##
##. #.


You could see 2 hounds.

Vanquished Creatures
  2 adders
  3 worms (D:3)
  3 orcs (D:4)
  6 ball pythons
  6 bats
  4 endoplasms
  A giant cockroach (D:1)
  4 goblins
  7 hobgoblins
  4 quokkas
  A frilled lizard (D:3)
  4 kobolds (D:1)
  A spectral goblin (D:2)
46 creatures vanquished.

Notes
Turn   | Place    | Note
-------+----------+-------------------------------------------
     0 | D:1      | qw the Gargoyle Hunter began the quest for the Orb.
     0 | D:1      | Reached XP level 1. HP: 12/12 MP: 1/1
     0 | D:1      | 0 ||| qw: Version: 0.2-a-29-g511e9b1
     0 | D:1      | 0 ||| qw: Game counter: 5754
     0 | D:1      | 0 ||| qw: Always use a shield: true
     0 | D:1      | 0 ||| qw: God list: Okawaru
     0 | D:1      | 0 ||| qw: Allow faded altars: false
     0 | D:1      | 0 ||| qw: Do Orc after D:15 true
     0 | D:1      | 0 ||| qw: Do second Lair branch before Depths: true
     0 | D:1      | 0 ||| qw: Lair rune preference: random
     0 | D:1      | 0 ||| qw: Plans: Normal, Zot:1-4, Slime:5, God:TSO, Crypt,
                  | Tomb, Abyss, Pan, Hells, Win
     0 | D:1      | 0 ||| PLANNING D:1-11
   170 | D:1      | Reached XP level 2. HP: 17/17 MP: 2/2
   703 | D:1      | 703 ||| DROPPING ring of flight.
   704 | D:1      | 704 ||| DROPPING ring of wizardry.
   705 | D:1      | 705 ||| READING scroll labelled SUHU LARHUNIPT.
   706 | D:1      | 706 ||| DROPPING scroll of butterflies.
   830 | D:2      | Reached XP level 3. HP: 21/21 MP: 3/3
   942 | D:2      | Found a faded altar of an unknown god.
  1047 | D:2      | Reached skill level 5 in Ranged Weapons
  1373 | D:2      | 1373 ||| UPGRADING to +0 pair of gloves.
  1378 | D:2      | 1378 ||| READING scroll labelled HUT BEPTUCZE.
  1379 | D:2      | 1379 ||| READING scroll labelled CAOCWE VIRIWE.
  1380 | D:2      | 1380 ||| READING scroll labelled SOSMOM IKOA.
  1381 | D:2      | 1381 ||| DRINKING 2 bubbling amethyst potions.
  1455 | D:3      | 1455 ||| UPGRADING to +0 orcbow.
  1456 | D:3      | 1456 ||| DROPPING +1 shortbow.
  1743 | D:3      | Found a hide-covered altar of Uskayaw.
  1783 | D:3      | Found a shadowy altar of Dithmenos.
  1855 | D:3      | Reached skill level 3 in Fighting
  1855 | D:3      | Reached XP level 4. HP: 28/28 MP: 4/4
  2106 | D:3      | 2106 ||| READING scroll labelled IPLOGU VOMNOPO.
  2167 | D:4      | 2167 ||| FLEEEEING.
  2169 | D:4      | 2169 ||| FLEEEEING.
  2170 | D:4      | 2170 ||| STAIRDANCE
  2205 | D:4      | 2205 ||| STAIRDANCE
  2256 | D:4      | HP: 5/28 [hound (3)]
  2256 | D:4      | HP: 2/28 [hound (3)]
  2256 | D:4      | Slain by an orc wizard

Levels and vault maps discovered:
D:1:      dpeg_arrival_simpleton_b, layout_loops_ring, serial_forest,
          infiniplex_forest_lined_room_3, infiniplex_forest_end_1,
          infiniplex_forest_end_2, infiniplex_forest_straight_5,
          infiniplex_forest_straight_4, infiniplex_forest_end_2,
          grunt_decor_fettered
D:2:      layout_loops_ring, dreamdust_ecumenical_altar_drowned_temple
D:3:      layout_loops_ring, grunt_dithmenos_smoke,
          mainiacjoe_overflow_surrounded_room
D:4:      layout_loops_ring, vehumet_altar_wand_db, ebering_ghost_gozag,
          uniq_crazy_yiuf_cottage, uniq_menkaure, uniq_robin

Skill      XL: |  1  2  3 |
---------------+----------+-----
Ranged Weapons | 5 |  5.4
Fighting       | 3 |  3.0
Dodging        | |  1.5
Stealth        | |  1.1

Action                     |  1- 3 |  4- 6 || total
---------------------------+-------+-------++-------
   Fire: Shortbow          |    79 |       ||    79
         Orcbow            |    41 |    43 ||    84
    Use: Scroll            |     4 |     1 ||     5
         Potion            |     1 |       ||     1
 Armour: Leather armour    |    20 |    16 ||    36
  Dodge: Dodged            |    20 |    30 ||    50

Table legend:
 A = Non-vault XP
 B = Vault XP
 C = Vault XP percentage of total XP
 D = Non-vault monster count
 E = Vault monster count
 F = Vault count percentage of total count
                 A         B        C        D         E       F
            +---------+---------+-------+---------+---------+-------
      Total |     115 |       1 |   0.9 |      45 |       1 |   2.2
            +---------+---------+-------+---------+---------+-------
        D:1 |      26 |       0 |   0.0 |      15 |       0 |   0.0
        D:2 |      28 |       1 |   3.4 |       9 |       1 |  10.0
        D:3 |      46 |       0 |   0.0 |      15 |       0 |   0.0
        D:4 |      15 |       0 |   0.0 |       6 |       0 |   0.0
            +---------+---------+-------+---------+---------+-------
